Cogmind - Beta 16.1 @@@ ROGUE MODE // 2026.04.08 @ 14:13:11 Player: ae Result: Escaped! Performance ------------- Evolutions (9) 4500 Regions Visited (27) 5400 Robots Destroyed (129) 645 Value Destroyed (3663) 3663 Prototype IDs (89) 1780 Alien Tech Used (1) 200 Bonus (26498) 26498 TOTAL SCORE: 42686 Bonus ------- Follower Combat Kills 1690 Network Hubs Disabled 200 Aligned with FarCom 300 Met Zhirov 300 Met Warlord at Base 500 MAIN.C Attacked Warlord 500 Warlord Defense Kills 108 Built Enhanced Grunts 300 A7 Reached Mainframe 300 Met R17 at Cetus 500 Met R17 at Research 2000 Met Warlord at Research 2000 Invited to Help at Command 2000 Destroyed MAIN.C Guards 500 Met MAIN.C 5000 Hacked MAIN.C 300 Destroyed MAIN.C Shell 5000 Met Warlord at Command 2000 Win 3000 Cogmind --------- Core Integrity 1215/1600 Matter 82/300 Energy 81/100 System Corruption 5% Temperature Cool (9) Movement Treading (145) Location To Epsilon Eridani Parts ------- > --- POWER (2) -------- (None) > --- PROPULSION (7) --- Biometal Medium Treads Biometal Medium Treads Biometal Medium Treads Biometal Heavy Treads > --- UTILITY (14) ----- Advanced Thermal Generator Medium Storage Unit Enhanced Optical Array Graphene Brace Hacking Suite Experimental Hacking Suite Advanced System Shield > --- WEAPON (2) ------- (None) > --- INVENTORY (10) --- Launcher Loader Transdimensional Reconstructor Advanced Micro-nuke Launcher Vibroblade Peak State ------------ > --- POWER ------------ Backup Power III Backup Power VII > --- PROPULSION ------- Cooled VTOL Module Cooled Nuclear Pulse Thruster Cooled Nuclear Pulse Thruster Q-thruster Impulse Thruster Array Improved Q-thruster > --- UTILITY ---------- Medium Storage Unit Enhanced Optical Array Improved Melee Analysis Suite Experimental Melee Analysis Suite Experimental Melee Analysis Suite Experimental Melee Analysis Suite Advanced Phase Shifter Improved Cloaking Device Centrium Light Armor Plating Centrium Medium Armor Plating Graphene Brace Graphene Brace Experimental Hacking Suite Advanced System Shield > --- WEAPON ----------- Vortex Driver Plasma Lance > --- INVENTORY -------- Cooled VTOL Module Centrium Medium Armor Plating Transdimensional Reconstructor Enhanced Nova Cannon Advanced Micro-nuke Launcher Vibroblade [Rating: 181] Favorites ----------- Power Backup Power VII Engine Backup Power III Power Core Backup Power VII Propulsion Cooled VTOL Module Treads Light Treads Flight Unit Cooled VTOL Module Utility Medium Storage Unit Device Structural Scanner Storage Medium Storage Unit Processor Enhanced Optical Array Hackware Hacking Suite Protection Centrium Medium Armor Plating Weapon Vibroblade Energy Gun AWS/Thermal Energy Cannon Enhanced Nova Cannon Ballistic Gun Light Assault Rifle Ballistic Cannon Improved Light Cannon Launcher Hellfire Missile Launcher Special Weapon Improved Remote Datajack Slashing Weapon Vibroblade Piercing Weapon Plasma Lance Special Melee Weapon Advanced Datajack Build | -11 -10 -10 -9 -9 -9 -8 -8 -7 -6 -6 -6 -6 -6 -5 -5 -5 -5 -4 -4 -4 -4 -4 -3 -3 -2 -1 -1 ------- Run | Yrd Mat Min Mat Min Exi Min Mat Fac Fac Ext Cet Arc Hub Fac Upp Upp Zhi Pro Fac Upp Upp War Pro Res Res Acc Com Slots Evolved 18 | . . . 2 . . . 2 2 2 . . . . 2 . . . . 2 . . . . 2 2 2 . Power 1 | . . . . . . . . . 1 . . . . . . . . . . . . . . . . . . Propulsion 5 | . . . 1 . . . 1 . 1 . . . . 1 . . . . . . . . . . . 1 . Utility 12 | . . . 1 . . . 1 2 . . . . . 1 . . . . 2 . . . . 2 2 1 . Weapon . | . . . . . . . . . . . . . . . . . . . . . . . . . . . . Parts Attached 126 | 5 6 4 6 6 . . 5 6 2 10 3 2 6 6 . 1 2 . 15 2 . 3 . 4 9 3 20 Power 11 | . . . 1 2 . . . . 1 1 . . 1 3 . . . . 1 . . . . . . . 1 Engine 7 | . . . 1 2 . . . . . . . . 1 2 . . . . . . . . . . . . 1 Core 4 | . . . . . . . . . 1 1 . . . 1 . . . . 1 . . . . . . . . Reactor . | . . . . . . . . . . . . . . . . . . . . . . . . . . . . Propulsion 31 | 2 2 2 3 1 . . 1 2 1 3 . . 2 2 . 1 . . 1 . . . . 1 1 2 4 Treads 6 | 2 . . . . . . . . . . . . . . . . . . . . . . . . . . 4 Leg . | . . . . . . . . . . . . . . . . . . . . . . . . . . . . Wheel . | . . . . . . . . . . . . . . . . . . . . . . . . . . . . Hover . | . . . . . . . . . . . . . . . . . . . . . . . . . . . . Flight 25 | . 2 2 3 1 . . 1 2 1 3 . . 2 2 . 1 . . 1 . . . . 1 1 2 . Utility 55 | 1 3 . . 1 . . 4 2 . 3 2 2 3 1 . . 2 . 8 2 . 1 . 2 7 . 11 Device 22 | 1 1 . . 1 . . 1 . . 1 . . 2 1 . . 1 . 4 1 . 1 . 1 1 . 5 Storage 3 | . 1 . . . . . 1 . . . . . . . . . . . 1 . . . . . . . . Processor 12 | . 1 . . . . . 1 1 . 1 . . . . . . . . . 1 . . . . 3 . 4 Hackware 11 | . . . . . . . . 1 . . 1 2 . . . . . . 3 . . . . 1 2 . 1 Protection 7 | . . . . . . . 1 . . 1 1 . 1 . . . 1 . . . . . . . 1 . 1 Artifact . | . . . . . . . . . . . . . . . . . . . . . . . . . . . . Weapon 29 | 2 1 2 2 2 . . . 2 . 3 1 . . . . . . . 5 . . 2 . 1 1 1 4 Energy Gun 2 | 1 . . . . . . . . . 1 . . . . . . . . . . . . . . . . . Energy Cannon 4 | . . . . . . . . . . . . . . . . . . . 1 . . 1 . . . 1 1 Ballistic Gun 7 | 1 1 1 1 . . . . . . 2 1 . . . . . . . . . . . . . . . . Ballistic Cannon 2 | . . 1 . . . . . . . . . . . . . . . . . . . . . . . . 1 Launcher 4 | . . . . 1 . . . 1 . . . . . . . . . . 1 . . . . . . . 1 Special Weapon 2 | . . . . . . . . . . . . . . . . . . . . . . 1 . . . . 1 Impact Weapon . | . . . . . . . . . . . . . . . . . . . . . . . . . . . . Slashing Weapon 6 | . . . 1 1 . . . 1 . . . . . . . . . . 3 . . . . . . . . Piercing Weapon 1 | . . . . . . . . . . . . . . . . . . . . . . . . 1 . . . Special Melee Weapon 1 | . . . . . . . . . . . . . . . . . . . . . . . . . 1 . . Unidentified Prototypes 17 | . . . 1 . . . . . . 1 2 . 1 1 . . 2 . 3 . . 1 . . 4 . 1 Parts Lost 34 | . . 4 1 . . . . . . 9 2 . . . . 2 . . . 1 1 . . . . . 14 Power 8 | . . . . . . . . . . 2 . . . . . 1 . . . 1 1 . . . . . 3 Propulsion 12 | . . 2 . . . . . . . 5 . . . . . 1 . . . . . . . . . . 4 Utility 7 | . . . 1 . . . . . . 1 1 . . . . . . . . . . . . . . . 4 Weapon 7 | . . 2 . . . . . . . 1 1 . . . . . . . . . . . . . . . 3 Highest Loss Streak 6 | . . 4 1 . . . . . . 2 2 . . . . 2 . . . 1 1 . . . . . 6 To Critical Strikes 1 | . . . . . . . . . . . 1 . . . . . . . . . . . . . . . . Average Backups 8 | . 5 7 7 8 7 7 6 8 8 8 8 8 8 9 9 8 9 9 9 9 9 9 9 9 9 10 8 Power . | . . . . . . . . . . . . . . . . . . . . . . . . 1 1 1 . Propulsion 1 | . . 1 1 2 1 1 . 3 3 1 . . . 1 2 1 1 1 1 1 1 1 1 1 1 1 1 Utility 3 | . 3 3 2 2 2 2 2 1 2 4 4 5 5 5 5 5 5 5 5 5 4 4 4 1 2 4 2 Weapon 2 | . 1 2 3 3 3 4 4 3 2 2 3 3 2 2 2 2 3 2 1 2 3 2 3 3 3 3 3 Tool/Special . | . . . . . . . . . . . . . . . . . . . . . . . . . . . . Unused Backups 22 | . 1 1 . 1 1 . . 5 . . . 3 1 . . . 1 . 4 . . . . 1 2 . 1 Power . | . . . . . . . . . . . . . . . . . . . . . . . . . . . . Propulsion 4 | . . . . . . . . 4 . . . . . . . . . . . . . . . . . . . Utility 13 | . 1 1 . . 1 . . 1 . . . 3 . . . . 1 . 4 . . . . 1 . . . Weapon 4 | . . . . 1 . . . . . . . . 1 . . . . . . . . . . . 2 . . Tool/Special 1 | . . . . . . . . . . . . . . . . . . . . . . . . . . . 1 Average Slot Usage (%) 87 | . 82 73 79 97 100 100 88 94 94 82 60 62 77 90 94 90 87 88 90 91 84 91 91 91 94 94 84 Engine 3 | . . . . 9 11 11 9 7 6 . . . 4 7 11 7 5 5 5 4 . 9 10 . . . 1 Core 3 | . . . . . . . . . 1 4 . . . . . . . . 4 5 5 . . 8 8 8 5 Flight 25 | . 13 26 33 33 33 33 36 30 32 30 20 20 28 34 35 35 35 35 26 26 26 26 26 23 21 23 20 Device 11 | . 14 14 14 21 22 22 12 15 13 5 . . . 4 5 5 4 5 14 10 8 5 8 18 15 15 12 Storage 5 | . 6 14 11 11 11 11 9 7 6 6 6 6 6 5 5 5 5 5 5 5 5 5 5 4 4 4 4 Processor 7 | . 5 . . . . . 2 13 13 15 16 9 2 . . . . . . 2 5 5 5 4 7 8 11 Hackware 15 | . . . . . . . . 6 6 6 9 18 26 23 23 23 23 23 25 26 26 26 22 19 20 20 14 Protection 3 | . . . . . . . . . . 3 5 . . 5 4 5 5 5 . 2 1 5 5 4 5 8 7 Ballistic Gun 2 | . 23 15 12 10 11 11 9 2 . 4 . . . . . . . . . . . . . . . . . Slashing Weapon 4 | . . . 8 11 11 11 9 8 13 1 . 5 5 5 4 5 5 5 6 7 5 6 7 5 4 3 . Peak Build Rating 181 | 5 7 8 17 16 18 18 24 38 46 59 51 48 61 70 73 74 74 72 111 116 101 117 117 136 156 174 181 Average Rating 89 | 3 6 6 12 15 16 18 19 32 42 45 42 41 46 66 69 71 72 72 98 110 97 110 111 128 151 170 157 On Entrance 61 | . 5 7 6 14 16 18 18 24 38 46 39 45 44 54 63 70 74 72 72 111 101 96 116 107 136 156 174 Avg Prop Armor Cover (%) 11 | 30 28 . 14 . . . . . . 7 . . . 2 . . . . 7 . . . . . . . 1 Naked Turns . | . . . . . . . . . . . . . . . . . . . . . . . . . . . . Heaviest Build 66 | 3 8 11 12 15 15 15 20 21 28 30 19 17 26 30 30 30 27 26 34 38 29 40 37 39 38 50 66 Greatest Support 180 | 20 8 8 15 15 15 15 20 21 29 30 17 17 27 32 31 32 32 32 47 49 49 39 49 39 48 50 180 Greatest Overweight (x) 3 | . . 1 3 . . . . 1 . 3 1 . . . . . . . 1 . . 1 . . . . 3 Average Overweight (x) . | . . . . . . . . . . . . . . . . . . . . . . . . . . . . Largest Inventory Capacity 10 | 5 8 8 8 8 8 8 10 10 10 10 10 10 10 10 10 10 10 10 10 10 10 10 10 10 10 10 10 Average Capacity 9 | 5 6 8 8 8 8 8 8 10 10 10 10 10 10 10 10 10 10 10 10 10 10 10 10 10 10 10 10 Most Carried 10 | 1 8 8 8 8 8 8 9 10 10 10 10 10 10 10 10 10 10 10 10 10 9 10 10 10 10 10 10 Average Carried 9 | . 6 7 7 7 7 8 7 9 9 9 9 9 9 9 10 9 9 10 9 9 9 9 9 9 9 9 8 Final Capacity 10 | 5 8 8 8 8 8 8 10 10 10 10 10 10 10 10 10 10 10 10 10 10 10 10 10 10 10 10 10 Final Carried 10 | 1 8 8 8 8 8 8 9 10 10 9 10 10 10 10 10 10 10 10 10 9 9 10 10 10 10 10 5 Class Distribution -------------------- 18% | Hacker-Sprinter 17% | Wizard-Sprinter 11% | Wizard-Ninja 10% | Sprinter 9% | Scout 5% | Mutant 5% | Hacker-Mutant 4% | Scavenger-Sprinter 4% | Hacker-Ninja 3% | Commander-Sprinter Dominant Class ---------------- Mutant | -10/Materials Scavenger-Mutant | -10/Mines Scavenger-Mutant | -9/Materials Sprinter | -9/Mines Sprinter | -9/Exiles Sprinter | -8/Mines Sprinter | -8/Materials Scout | -7/Factory Scout | -6/Factory Scout | -6/Extension Commander-Sprinter | -6/Cetus Commander-Sprinter | -6/Archives Hacker-Sprinter | -6/Hub_04(d) Scavenger-Sprinter | -5/Factory Scavenger-Sprinter | -5/Upper Caves Hacker-Sprinter | -5/Upper Caves Hacker-Sprinter | -5/Zhirov Hacker-Sprinter | -4/Proximity Caves Hacker-Sprinter | -4/Factory Wizard-Sprinter | -4/Upper Caves Wizard-Sprinter | -4/Upper Caves Wizard-Sprinter | -4/Warlord Hacker-Sprinter | -3/Proximity Caves Hacker-Ninja | -3/Research Wizard-Ninja | -2/Research Wizard-Ninja | -1/Access Wizard-Sprinter | -1/Command Resources | -11 -10 -10 -9 -9 -9 -8 -8 -7 -6 -6 -6 -6 -6 -5 -5 -5 -5 -4 -4 -4 -4 -4 -3 -3 -2 -1 -1 ----------- Run | Yrd Mat Min Mat Min Exi Min Mat Fac Fac Ext Cet Arc Hub Fac Upp Upp Zhi Pro Fac Upp Upp War Pro Res Res Acc Com Matter Collected 4657 | 279 99 37 10 214 . . 36 122 . 1057 65 49 84 50 74 . 70 . 230 71 39 175 40 110 110 . 1636 Remotely . | . . . . . . . . . . . . . . . . . . . . . . . . . . . . Salvage Created 5785 | 284 157 30 10 359 . . 39 249 . 2188 . 326 140 57 25 . 116 . 397 . . 17 . 316 262 . 813 Parts 327 | 23 12 3 2 25 . . 2 25 . 98 . 22 10 7 1 . 3 . 33 . . 4 . 9 5 . 43 Haulers Intercepted 8 | . 1 . . . . . . 2 . . . . 1 . . . . . 1 . . . . 1 2 . . Recyclers Shooed 3 | . 1 . . . . . . . . 2 . . . . . . . . . . . . . . . . . Parts Field Recycled . | . . . . . . . . . . . . . . . . . . . . . . . . . . . . Retrieved Matter . | . . . . . . . . . . . . . . . . . . . . . . . . . . . . Parts Self-Destructed 4 | . . . . . . . . . . . . . . . 1 . 3 . . . . . . . . . . Prevented . | . . . . . . . . . . . . . . . . . . . . . . . . . . . . Parts Restored . | . . . . . . . . . . . . . . . . . . . . . . . . . . . . Kills | -11 -10 -10 -9 -9 -9 -8 -8 -7 -6 -6 -6 -6 -6 -5 -5 -5 -5 -4 -4 -4 -4 -4 -3 -3 -2 -1 -1 ------- Run | Yrd Mat Min Mat Min Exi Min Mat Fac Fac Ext Cet Arc Hub Fac Upp Upp Zhi Pro Fac Upp Upp War Pro Res Res Acc Com Combat Hostiles Destroyed 47 | . 4 3 . 5 . . . . . 22 . . . . . . . . 2 . . 2 . . . . 9 Melee 16 | . . . . 3 . . . . . 3 . . . . . . . . 2 . . . . . . . 8 Guns 23 | . 4 . . . . . . . . 19 . . . . . . . . . . . . . . . . . Cannons 4 | . . 3 . . . . . . . . . . . . . . . . . . . . . . . . 1 AOE 4 | . . . . 2 . . . . . . . . . . . . . . . . . 2 . . . . . Classes Destroyed 15 | 3 4 . . . . . 1 1 . 4 . . . . 1 . . . . . . . . . . . 1 Worker 13 | 2 . . . 4 . . . . . . . . 2 1 . . . . 2 . . . . . . . 2 Builder 8 | . . . . . . . . 2 . 2 . . . . . . . . 4 . . . . . . . . Tunneler 12 | 8 . . . 2 . . . 1 . . . . . 1 . . . . . . . . . . . . . Hauler 8 | . 1 . . . . . . 2 . . . . 1 . . . . . 1 . . . . 1 2 . . Recycler 9 | 1 . . . 2 . . . . . 4 . . . . . . . . . . . . . 1 . . 1 Carrier 1 | . . . . . . . . . . 1 . . . . . . . . . . . . . . . . . Minesweeper 1 | . . . . . . . . . . . . . . . 1 . . . . . . . . . . . . Operator 18 | . 1 . 1 . . . . . . . . 9 1 . . . . . 1 . . . . 2 1 . 2 Watcher 12 | . . . . . . . 1 3 . 2 . . . 1 . . . . 2 . . . . 1 . . 2 Swarmer 16 | . 3 3 . 5 . . . . . 2 . . . . . . . . 1 . . 2 . . . . . Grunt 12 | . 1 . . . . . . . . 11 . . . . . . . . . . . . . . . . . Brawler 2 | . . . . . . . . . . 2 . . . . . . . . . . . . . . . . . Sentry 6 | . . . . . . . . . . 6 . . . . . . . . . . . . . . . . . Programmer 8 | . . . . . . . . . . 1 . . . . . . . . 1 . . . . . . . 6 Combat Programmer 1 | . . . . . . . . . . . . . . . . . . . . . . . . . . . 1 Guerrilla 1 | . . . . . . . . . . . . . . . . . . . . . . . . . . . 1 Best Kill Streak 7 | 4 3 3 1 5 . . 1 2 . 7 . 5 2 1 1 . . . 2 . . 2 . 2 1 . 2 Combat Bots Only 3 | . 3 3 . 3 . . . . . 3 . . . . . . . . 2 . . 2 . . . . 2 Max Kills in Single Turn 3 | 1 1 1 1 3 . . 1 1 . 3 . 1 1 1 1 . . . 1 . . 2 . 1 1 . 1 Gunslinging . | . . . . . . . . . . . . . . . . . . . . . . . . . . . . Exploded 2 | . . . . 2 . . . . . . . . . . . . . . . . . 2 . . . . . Melee 1 | . . . . 1 . . . . . 1 . . . . . . . . 1 . . . . . . . 1 Uniques/NPCs Destroyed 1 | . . . . . . . . . . . . . . . . . . . . . . . . . . . 1 MAIN.C Shell (-1/Command) Combat | -11 -10 -10 -9 -9 -9 -8 -8 -7 -6 -6 -6 -6 -6 -5 -5 -5 -5 -4 -4 -4 -4 -4 -3 -3 -2 -1 -1 -------- Run | Yrd Mat Min Mat Min Exi Min Mat Fac Fac Ext Cet Arc Hub Fac Upp Upp Zhi Pro Fac Upp Upp War Pro Res Res Acc Com Hostile Shots Fired 402 | . 40 35 8 11 . . . . . 117 3 . 1 . 8 2 . . 3 32 25 15 4 1 1 . 96 Missed 154 | . 14 10 2 2 . . . . . 55 . . . . 4 . . . 2 19 12 7 4 . 1 . 22 Hits 248 | . 26 25 6 9 . . . . . 62 3 . 1 . 4 2 . . 1 13 13 8 . 1 . . 74 Projectile 248 | . 26 25 6 9 . . . . . 62 3 . 1 . 4 2 . . 1 13 13 8 . 1 . . 74 AOE 3 | . . . . . . . . . . . . . . . . . . . . . . 2 . . . . 1 Critical Strikes 15 | . . . . . . . . . . 1 4 . . . . . . . . 2 3 . . . . . 5 Actively Blocked 5 | . . . . . . . . . . . . . . . . . . . . . . . . . . . 5 Part Disruptions 4 | . . . . . . . . . . . . . . . . . . . . . . . . . . . 4 Damage Taken 5370 | . 235 194 84 71 . . . . . 1069 128 . 122 . 84 51 . . 13 239 240 127 . 25 . . 2688 Core 919 | . 30 40 41 20 . . . . . 233 55 . . . . . . . . 47 68 . . . . . 385 Absorbed by Shields 180 | . . . . . . . . . . 18 40 . . . . . . . . . . 71 . . . . 51 Reduced by Siege Mode 10 | . . . . . . . . . . . . . . . . . . . . . . . . . . . 10 Regen/Repaired (Parts) 399 | . . . . . . . . . . . . . . . . . . . 54 . . 21 . . . . 324 Core Remaining (%) 89 | 100 . 72 . . . 84 100 100 . . . . 66 . . . . 100 . . . . 90 100 100 . 75 Volleys Fired 364 | 29 31 9 4 1 . . . 2 . 162 6 . 1 . 6 . . . 5 3 . 14 2 . . 1 88 Largest 2 | 2 2 2 1 1 . . . 1 . 2 1 . 1 . 1 . . . 1 1 . 1 1 . . 1 1 Hottest 120 | 60 60 53 23 33 . . . 33 . 61 28 . 35 . 35 . . . 105 105 . 105 105 . . 120 120 Shots Fired 508 | 58 62 17 4 1 . . . 2 . 236 8 . 1 . 6 . . . 5 3 . 14 2 . . 1 88 Gun 388 | 58 62 13 4 . . . . . . 236 8 . 1 . 6 . . . . . . . . . . . . Cannon 62 | . . 4 . . . . . . . . . . . . . . . . 5 3 . 6 2 . . 1 41 Launcher 51 | . . . . 1 . . . 2 . . . . . . . . . . . . . 3 . . . . 45 Special 7 | . . . . . . . . . . . . . . . . . . . . . . 5 . . . . 2 Kinetic 305 | 29 61 17 4 . . . . . . 179 6 . 1 . 6 . . . . . . . . . . . 2 Thermal 115 | 29 1 . . . . . . . . 57 2 . . . . . . . 5 3 . 6 2 . . 1 9 Explosive 51 | . . . . 1 . . . 2 . . . . . . . . . . . . . 3 . . . . 45 Electromagnetic . | . . . . . . . . . . . . . . . . . . . . . . . . . . . . Entropic 30 | . . . . . . . . . . . . . . . . . . . . . . . . . . . 30 Robot Hit Streak 34 | 9 7 2 1 . . . . . . 18 8 . . . . . . . . . . 11 . . . . 34 Robot Miss Streak 5 | 2 3 2 2 . . . . . . 5 1 . . . . . . . . . . 1 . . . . 1 Penetration Max 3 | . . . . . . . . . . 3 . . . . . . . . . . . . . . . . 1 Secondary Targets . | . . . . . . . . . . . . . . . . . . . . . . . . . . . . Autonomous 59 | . . . . . . . . . . 57 2 . . . . . . . . . . . . . . . . Shots Hit Robots 450 | 39 39 6 1 13 . . 2 20 . 146 7 14 6 3 1 . 2 . 19 . . 9 . 11 12 1 99 Core Hits 204 | 17 12 4 1 7 . . 1 7 . 77 2 8 5 2 . . . . 9 . . 4 . 1 4 . 43 Critical Kills 16 | . . . . . . . . . . 16 . . . . . . . . . . . . . . . . . Critical Parts Destroyed 14 | 1 . . . . . . . . . 13 . . . . . . . . . . . . . . . . . Critical Strikes 44 | 1 . . . . . . . . . 29 . . . . . . . . . . . . . . 1 . 13 Destroy 30 | 1 . . . . . . . . . 29 . . . . . . . . . . . . . . . . . Sever 1 | . . . . . . . . . . . . . . . . . . . . . . . . . . . 1 Impale 5 | . . . . . . . . . . . . . . . . . . . . . . . . . 1 . 4 Sunder 8 | . . . . . . . . . . . . . . . . . . . . . . . . . . . 8 Melee Attacks 403 | . . . 5 25 . 1 6 47 11 22 . 20 13 7 7 . 2 . 86 12 4 2 4 23 36 5 65 Impact . | . . . . . . . . . . . . . . . . . . . . . . . . . . . . Slashing 316 | . . . 5 25 . 1 6 47 11 22 . 20 13 7 7 . 2 . 86 12 4 2 4 18 10 . 14 Piercing 82 | . . . . . . . . . . . . . . . . . . . . . . . . 5 21 5 51 Sneak Attacks 65 | . . . . 9 . . . 9 . 2 . 9 3 2 1 . . . 11 . . . . 4 9 1 5 Combat Hostiles 1 | . . . . . . . . . . . . . . . . . . . . . . . . . . . 1 Follow-up Attacks 9 | . . . . . . . . 2 . . . . . . . . . . 2 . . . . 3 . . 2 Damage Inflicted 20632 | 394 323 88 15 990 . . 91 1259 . 3082 158 1155 424 216 84 . 172 . 1575 . . 549 . 857 707 139 8354 Guns 3505 | 394 323 21 15 . . . . . . 2594 158 . . . . . . . . . . . . . . . . Cannons 2504 | . . 67 . . . . . . . . . . . . . . . . . . . 132 . . . . 2305 Explosions 4625 | . . . . 169 . . . 67 . . . . 17 . . . . . . . . 417 . . . . 3955 Melee 9998 | . . . . 821 . . 91 1192 . 488 . 1155 407 216 84 . 172 . 1575 . . . . 857 707 139 2094 Ramming . | . . . . . . . . . . . . . . . . . . . . . . . . . . . . Kinetic 1832 | 174 323 88 15 . . . . . . 1131 101 . . . . . . . . . . . . . . . . Thermal 1913 | 220 . . . . . . . . . 1463 57 . . . . . . . . . . 132 . . . . 41 Explosive 4608 | . . . . 169 . . . 67 . . . . . . . . . . . . . 417 . . . . 3955 Electromagnetic 17 | . . . . . . . . . . . . . 17 . . . . . . . . . . . . . . Impact . | . . . . . . . . . . . . . . . . . . . . . . . . . . . . Slashing 7324 | . . . . 821 . . 91 1192 . 488 . 1155 407 216 84 . 172 . 1575 . . . . 420 . . 703 Piercing 2674 | . . . . . . . . . . . . . . . . . . . . . . . . 437 707 139 1391 Entropic 2264 | . . . . . . . . . . . . . . . . . . . . . . . . . . . 2264 Highest Corruption 5 | . . . 1 1 1 1 . . . 1 1 1 2 . . . . . 2 2 2 2 . . . . 5 Average Corruption 1 | . . . 1 1 1 1 . . . 1 1 1 1 . . . . . 2 2 2 2 . . . . 2 Corruption Purged . | . . . . . . . . . . . . . . . . . . . . . . . . . . . . Corruption Blocked . | . . . . . . . . . . . . . . . . . . . . . . . . . . . . Effects 58 | . . . 1 2 1 1 . . . 12 4 2 1 . . . . . 2 8 1 . . . . . 23 Message Errors 7 | . . . . . . . . . . 2 . . . . . . . . . 1 1 . . . . . 3 Matter Fused 13 | . . . . 1 1 . . . . 2 . 1 . . . . . . . 4 . . . . . . 4 Heat Flow Errors 9 | . . . 1 1 . . . . . 1 1 . . . . . . . . 1 . . . . . . 4 Energy Discharges 10 | . . . . . . 1 . . . 2 1 1 . . . . . . . 1 . . . . . . 4 Parts Fused 1 | . . . . . . . . . . . . . . . . . . . 1 . . . . . . . . Data Loss (minor) 13 | . . . . . . . . . . 3 2 . 1 . . . . . 1 1 . . . . . . 5 Data Loss (major) 3 | . . . . . . . . . . 2 . . . . . . . . . . . . . . . . 1 Alerts 2 | . . . . . . . . . . . . . . . . . . . . . . . . . . . 2 Overload Shots . | . . . . . . . . . . . . . . . . . . . . . . . . . . . . Overflow Damage 2699 | . . . . 341 . . 5 248 . 43 . 306 115 48 44 . 121 . 247 . . 15 . 351 234 . 581 Projectiles 10 | . . . . . . . . . . . . . . . . . . . . . . 10 . . . . . Explosions 34 | . . . . 11 . . . . . . . . . . . . . . . . . 5 . . . . 18 Melee 2655 | . . . . 330 . . 5 248 . 43 . 306 115 48 44 . 121 . 247 . . . . 351 234 . 563 Knockbacks . | . . . . . . . . . . . . . . . . . . . . . . . . . . . . Impact . | . . . . . . . . . . . . . . . . . . . . . . . . . . . . Kinetic . | . . . . . . . . . . . . . . . . . . . . . . . . . . . . Secondary . | . . . . . . . . . . . . . . . . . . . . . . . . . . . . Self-Inflicted Damage 102 | . . . . . . . . . . . . . 102 . . . . . . . . . . . . . . Shots 1 | . . . . . . . . . . . . . 1 . . . . . . . . . . . . . . Rammed . | . . . . . . . . . . . . . . . . . . . . . . . . . . . . Targets Rammed . | . . . . . . . . . . . . . . . . . . . . . . . . . . . . Kicked . | . . . . . . . . . . . . . . . . . . . . . . . . . . . . Crushed . | . . . . . . . . . . . . . . . . . . . . . . . . . . . . Highest Temperature 394 | 20 10 8 224 253 . . . . 32 123 174 . . 96 132 96 . . . 168 73 88 111 . . 66 394 Average Temperature 54 | 9 4 4 140 132 . . . . 14 16 91 . . 37 50 53 . . . 49 37 45 47 . . 21 83 Received Heat Transfer 831 | . 36 . 30 6 . . . . . 275 . . 9 . . 9 . . . 36 64 . . . . . 366 Effects 3 | . . . . . . . . . . . . . . . . . . . . . . . . . . . 3 Shutdowns 1 | . . . . . . . . . . . . . . . . . . . . . . . . . . . 1 Energy Bleed 1 | . . . . . . . . . . . . . . . . . . . . . . . . . . . 1 Damage (minor) 1 | . . . . . . . . . . . . . . . . . . . . . . . . . . . 1 Siege Activations 2 | . . . . . . . . . . . . . . . . . . . . . . . . . . . 2 Total Turns 17 | . . . . . . . . . . . . . . . . . . . . . . . . . . . 17 Longest Duration 9 | . . . . . . . . . . . . . . . . . . . . . . . . . . . 9 Martial Activations . | . . . . . . . . . . . . . . . . . . . . . . . . . . . . Shielding Activations . | . . . . . . . . . . . . . . . . . . . . . . . . . . . . Robots Disrupted . | . . . . . . . . . . . . . . . . . . . . . . . . . . . . Combat Hostiles . | . . . . . . . . . . . . . . . . . . . . . . . . . . . . Robots Corrupted . | . . . . . . . . . . . . . . . . . . . . . . . . . . . . Combat Hostiles . | . . . . . . . . . . . . . . . . . . . . . . . . . . . . Parts Fried . | . . . . . . . . . . . . . . . . . . . . . . . . . . . . Impact Corruptions . | . . . . . . . . . . . . . . . . . . . . . . . . . . . . Robots Melted . | . . . . . . . . . . . . . . . . . . . . . . . . . . . . Combat Hostiles . | . . . . . . . . . . . . . . . . . . . . . . . . . . . . Parts Melted 1 | . . . . . . . . . . 1 . . . . . . . . . . . . . . . . . Heat Transferred 2609 | 500 . . . . . . . . . 1868 74 . . . . . . . . . . 130 . . . . 37 Parts Sabotaged . | . . . . . . . . . . . . . . . . . . . . . . . . . . . . Parts Stolen . | . . . . . . . . . . . . . . . . . . . . . . . . . . . . Parts Stripped . | . . . . . . . . . . . . . . . . . . . . . . . . . . . . Power Chain Reactions . | . . . . . . . . . . . . . . . . . . . . . . . . . . . . Alert | -11 -10 -10 -9 -9 -9 -8 -8 -7 -6 -6 -6 -6 -6 -5 -5 -5 -5 -4 -4 -4 -4 -4 -3 -3 -2 -1 -1 ------- Run | Yrd Mat Min Mat Min Exi Min Mat Fac Fac Ext Cet Arc Hub Fac Upp Upp Zhi Pro Fac Upp Upp War Pro Res Res Acc Com Maximum Alert Level 2 | . . . . . . . . . . 1 1 1 2 2 . . . . . . . . . . . . . Low Security (%) 92 | 100 100 100 100 100 . 100 100 100 100 84 88 36 20 . . . . . 100 . . . . 100 100 100 100 Level 1 6 | . . . . . . . . . . 15 11 63 68 73 . . . . . . . . . . . . . Level 2 . | . . . . . . . . . . . . . 10 26 . . . . . . . . . . . . . Level 3 . | . . . . . . . . . . . . . . . . . . . . . . . . . . . . Level 4 . | . . . . . . . . . . . . . . . . . . . . . . . . . . . . Level 5 . | . . . . . . . . . . . . . . . . . . . . . . . . . . . . High Security . | . . . . . . . . . . . . . . . . . . . . . . . . . . . . Max Security . | . . . . . . . . . . . . . . . . . . . . . . . . . . . . Peak Influence 531 | 15 110 60 40 121 . 1 18 80 16 250 228 251 531 452 . . . . 178 . . . . 38 96 18 74 Initial 259 | . . 39 . 1 . . . 3 . . 136 56 77 259 . . . . . . . . . . 12 . . Average 53 | 2 48 25 6 24 . . 8 30 3 106 134 177 294 297 . . . . 35 . . . . 3 7 4 26 Influence Increases 5283 | 55 170 70 99 228 . 1 40 212 51 1165 332 285 564 263 5 . 10 . 543 15 15 78 30 137 237 39 639 Destroy 0b10 Robot/C 1820 | . 80 60 . 100 . . . . . 640 160 80 200 80 . . . . 120 . . 60 . 40 20 . 180 Destroy 0b10 Robot/NC 450 | 55 10 . 5 40 . . 5 40 . 45 10 45 30 20 5 . 10 . 55 . . . . 25 15 . 35 Destroy Leader 284 | . 22 10 . 10 . . 2 8 . 116 . . 34 12 . . . . 8 . . . . 24 4 . 34 Allied During Kill 549 | . . . . . . . . . . 120 121 125 137 2 . . . . 22 . . 18 . 4 . . . Successful Hack 232 | . 28 . . . . . . 24 14 15 7 . . . . . . . 51 . . . . 15 . 9 69 Disable Machine 405 | . . . 15 . . . 15 . 15 15 . 30 60 135 . . . . 75 . . . . . 30 . 15 Destroy Structure 778 | . . . 4 18 . 1 3 35 7 19 19 5 103 14 . . . . 122 . . . . 14 108 15 291 Partial Spotted 345 | . . . 45 . . . 15 45 15 30 15 . . . . . . . 90 . . . . 15 45 15 15 Lose Combat Pursuer 420 | . 30 . 30 60 . . . 60 . 165 . . . . . . . . . 15 15 . 30 . 15 . . Influence Decreases 5266 | 55 70 170 93 123 111 . 33 220 49 922 435 206 254 352 284 92 71 10 421 137 15 78 30 115 259 39 622 Entered New Map 1129 | . . 61 . 5 111 . 1 5 . 2 109 86 144 272 164 32 71 10 . 46 . . . . 10 . . Time Decay 3132 | 55 70 70 53 118 . . 32 215 49 488 206 100 70 80 120 40 . . 331 91 15 74 30 85 209 39 492 Lost Part 299 | . . 39 . . . . . . . 90 20 . . . . 20 . . . . . . . . . . 130 Lost Ally 424 | . . . . . . . . . . 100 100 20 40 . . . . . 90 . . 4 . 30 40 . . Purge Threat 282 | . . . 40 . . . . . . 242 . . . . . . . . . . . . . . . . . Squads Dispatched 32 | . 2 . 1 1 . . . 4 1 2 . . 1 3 . . . . 6 . . . . 3 1 1 6 Investigation 6 | . . . 1 1 . . . 1 1 . . . . . . . . . 1 . . . . 1 . . . Extermination 10 | . . . . . . . . 1 . . . . . 1 . . . . 3 . . . . . . 1 4 Reinforcement 16 | . 2 . . . . . . 2 . 2 . . 1 2 . . . . 2 . . . . 2 1 . 2 Assault . | . . . . . . . . . . . . . . . . . . . . . . . . . . . . Garrison . | . . . . . . . . . . . . . . . . . . . . . . . . . . . . Intercept . | . . . . . . . . . . . . . . . . . . . . . . . . . . . . Searches Triggered . | . . . . . . . . . . . . . . . . . . . . . . . . . . . . Construction Impeded 2 | . . . . . . . . 1 . 1 . . . . . . . . . . . . . . . . . Haulers Reinforced 5 | . . . . . . . . 1 . . . . . 1 . . . . 1 . . . . 1 1 . . Active Scanning Responses . | . . . . . . . . . . . . . . . . . . . . . . . . . . . . Cargo Convoy Interrupts 1 | . . . . . . . . . . . . . . . . . . . 1 . . . . . . . . Stealth | -11 -10 -10 -9 -9 -9 -8 -8 -7 -6 -6 -6 -6 -6 -5 -5 -5 -5 -4 -4 -4 -4 -4 -3 -3 -2 -1 -1 --------- Run | Yrd Mat Min Mat Min Exi Min Mat Fac Fac Ext Cet Arc Hub Fac Upp Upp Zhi Pro Fac Upp Upp War Pro Res Res Acc Com Distress Signals 22 | . . . . . . . . . . 1 2 . . 2 . . . . 2 . . 1 . 8 5 . 1 Communications Jammed . | . . . . . . . . . . . . . . . . . . . . . . . . . . . . Distress Signals . | . . . . . . . . . . . . . . . . . . . . . . . . . . . . Times Spotted 255 | . 12 6 8 9 . . 2 10 1 54 10 6 6 4 4 1 . . 22 16 12 25 3 5 13 1 25 Peak Tracking Total 11 | . 3 3 6 3 . . 1 4 1 7 5 2 2 5 2 1 . . 4 10 6 11 3 3 3 1 8 Tactical Retreats 26 | . 1 . 2 3 . . . 1 . 9 . . . . 1 . . . 1 3 2 . 2 . 1 . . ECM-based Alert Blocks 26 | . . . . . . . . . . 6 . . . . 2 . . . 6 6 5 . 1 . . . . Traps | -11 -10 -10 -9 -9 -9 -8 -8 -7 -6 -6 -6 -6 -6 -5 -5 -5 -5 -4 -4 -4 -4 -4 -3 -3 -2 -1 -1 ------- Run | Yrd Mat Min Mat Min Exi Min Mat Fac Fac Ext Cet Arc Hub Fac Upp Upp Zhi Pro Fac Upp Upp War Pro Res Res Acc Com Traps Triggered 12 | . . . . . . . . . . 6 . . . . . . . . 1 . . . . . . . 5 Indirectly . | . . . . . . . . . . . . . . . . . . . . . . . . . . . . Trap Hack Attempts . | . . . . . . . . . . . . . . . . . . . . . . . . . . . . Triggered . | . . . . . . . . . . . . . . . . . . . . . . . . . . . . Disarmed . | . . . . . . . . . . . . . . . . . . . . . . . . . . . . Reprogrammed . | . . . . . . . . . . . . . . . . . . . . . . . . . . . . Reused . | . . . . . . . . . . . . . . . . . . . . . . . . . . . . Traps Extracted . | . . . . . . . . . . . . . . . . . . . . . . . . . . . . Installed . | . . . . . . . . . . . . . . . . . . . . . . . . . . . . Triggered . | . . . . . . . . . . . . . . . . . . . . . . . . . . . . Machines | -11 -10 -10 -9 -9 -9 -8 -8 -7 -6 -6 -6 -6 -6 -5 -5 -5 -5 -4 -4 -4 -4 -4 -3 -3 -2 -1 -1 ---------- Run | Yrd Mat Min Mat Min Exi Min Mat Fac Fac Ext Cet Arc Hub Fac Upp Upp Zhi Pro Fac Upp Upp War Pro Res Res Acc Com Machines Disabled 28 | . . . 1 . . . 1 . 1 1 1 2 4 9 . . . . 5 . . . . . 2 . 1 Max in Single Turn 2 | . . . 1 . . . 1 . 1 . . . 2 . . . . . . . . . . . 1 . 1 Garrison Access 8 | . . . . . . . . 1 1 . . . . 1 . . . . 3 . . . . . 2 . . Network Hub 1 | . . . . . . . . . . . . . 1 . . . . . . . . . . . . . . Machines Repaired . | . . . . . . . . . . . . . . . . . . . . . . . . . . . . Machines Dismantled . | . . . . . . . . . . . . . . . . . . . . . . . . . . . . Machines Sabotaged . | . . . . . . . . . . . . . . . . . . . . . . . . . . . . Overloaded Fab Kills . | . . . . . . . . . . . . . . . . . . . . . . . . . . . . Hacking | -11 -10 -10 -9 -9 -9 -8 -8 -7 -6 -6 -6 -6 -6 -5 -5 -5 -5 -4 -4 -4 -4 -4 -3 -3 -2 -1 -1 --------- Run | Yrd Mat Min Mat Min Exi Min Mat Fac Fac Ext Cet Arc Hub Fac Upp Upp Zhi Pro Fac Upp Upp War Pro Res Res Acc Com Machines Accessed 91 | . 1 . 6 . 2 . 2 7 9 8 1 . . 3 . 1 5 . 20 2 . 7 . 2 4 4 7 Terminals 44 | . 1 . 5 . . . 2 2 4 8 1 . . 1 . . . . 9 . . . . . 2 3 6 Fabricators 6 | . . . . . . . . 2 1 . . . . . . . . . 3 . . . . . . . . Repair Stations 3 | . . . . . . . . . . . . . . . . . . . 1 . . . . 1 . . 1 Recycling Units 5 | . . . . . . . . 1 1 . . . . 1 . . . . 2 . . . . . . . . Scanalyzers 8 | . . . 1 . . . . 1 2 . . . . . . . . . 2 . . . . 1 . 1 . Garrison Access 8 | . . . . . . . . 1 1 . . . . 1 . . . . 3 . . . . . 2 . . Total Hacks 230 | . 3 . 15 . 2 . 3 18 21 19 3 . . 9 . 1 18 . 45 5 . 17 . 6 14 4 27 Successful 140 | . 2 . 4 . 2 . . 10 10 9 1 . . 3 . 1 18 . 30 5 . 17 . 2 10 4 12 Failed 90 | . 1 . 11 . . . 3 8 11 10 2 . . 6 . . . . 15 . . . . 4 4 . 15 Catastrophic 19 | . . . 5 . . . 3 . 1 1 1 . . . . . . . 2 . . . . . . . 6 Database Lockouts . | . . . . . . . . . . . . . . . . . . . . . . . . . . . . Manual 80 | . . . 5 . 1 . 3 6 9 7 1 . . 2 . . . . 20 . . . . . 9 . 17 Terminals 121 | . 3 . 13 . . . 3 5 11 19 3 . . 4 . . . . 22 . . . . . 11 3 24 Fabricators 18 | . . . . . . . . 8 1 . . . . . . . . . 9 . . . . . . . . Repair Stations 9 | . . . . . . . . . . . . . . . . . . . 2 . . . . 4 . . 3 Recycling Units 9 | . . . . . . . . 1 2 . . . . 4 . . . . 2 . . . . . . . . Scanalyzers 15 | . . . 2 . . . . 2 6 . . . . . . . . . 2 . . . . 2 . 1 . Garrison Access 15 | . . . . . . . . 2 1 . . . . 1 . . . . 8 . . . . . 3 . . Terminal Hacks 92 | . 2 . 2 . 2 . . 2 5 7 1 . . . . 1 18 . 12 5 . 17 . . 8 3 7 Record 20 | . . . . . 1 . . . . . . . . . . . 6 . 1 4 . 8 . . . . . Part Schematic 4 | . . . . . . . . . . . . . . . . . 4 . . . . . . . . . . Robot Analysis 4 | . . . . . . . . . . . . . . . . . 4 . . . . . . . . . . Prototype ID Bank 18 | . 1 . . . . . . . . . . . . . . . 4 . 1 . . 8 . . 4 . . Open Door 13 | . . . . . . . . . 1 4 1 . . . . 1 . . . 1 . 1 . . . 3 1 Open DSF 1 | . . . . . . . . . . . . . . . . . . . . . . . . . 1 . . Level Access Points 4 | . . . . . . . . 1 1 . . . . . . . . . 1 . . . . . 1 . . Branch Access Points 2 | . . . . . . . . . 1 . . . . . . . . . 1 . . . . . . . . Machine Index 1 | . . . . . . . . . . . . . . . . . . . 1 . . . . . . . . Fabricator Index 1 | . . . . . . . . . . . . . . . . . . . 1 . . . . . . . . Scanalyzer Index 1 | . . . . . . . . . 1 . . . . . . . . . . . . . . . . . . Unreport Threat 3 | . . . 1 . . . . . . 2 . . . . . . . . . . . . . . . . . Locate Traps 1 | . . . . . . . . . . . . . . . . . . . . . . . . . . . 1 Patrol Status 1 | . . . . . . . . . . . . . . . . . . . . . . . . . . . 1 Recall Investigation 1 | . . . . . . . . . . . . . . . . . . . 1 . . . . . . . . Recall Extermination 3 | . . . . . . . . . . . . . . . . . . . 2 . . . . . . . 1 Hauler Manifests 3 | . 1 . 1 . . . . . . . . . . . . . . . 1 . . . . . . . . Registered Components 2 | . . . . . . . . . . . . . . . . . . . . . . . . . 1 . 1 Registered Prototypes 1 | . . . . . . . . . . . . . . . . . . . . . . . . . 1 . . Zone Layout 6 | . . . . . . . . 1 1 1 . . . . . . . . 2 . . . . . . . 1 Proto ID Catalog 1 | . . . . . 1 . . . . . . . . . . . . . . . . . . . . . . Disengage Seal 1 | . . . . . . . . . . . . . . . . . . . . . . . . . . . 1 Fabricator Hacks 3 | . . . . . . . . 2 . . . . . . . . . . 1 . . . . . . . . Network Status 3 | . . . . . . . . 2 . . . . . . . . . . 1 . . . . . . . . Repair Station Hacks 5 | . . . . . . . . . . . . . . . . . . . 2 . . . . 1 . . 2 Scan Component 2 | . . . . . . . . . . . . . . . . . . . 1 . . . . . . . 1 Repair 2 | . . . . . . . . . . . . . . . . . . . 1 . . . . . . . 1 Refit 1 | . . . . . . . . . . . . . . . . . . . . . . . . 1 . . . Recycling Unit Hacks 4 | . . . . . . . . 1 . . . . . 1 . . . . 2 . . . . . . . . Retrieve Components 4 | . . . . . . . . 1 . . . . . 1 . . . . 2 . . . . . . . . Scanalyzer 10 | . . . 2 . . . . 1 3 . . . . . . . . . 2 . . . . 1 . 1 . Insert Component 3 | . . . . . . . . 1 . . . . . . . . . . . . . . . 1 . 1 . Retrieve Study 7 | . . . 2 . . . . . 3 . . . . . . . . . 2 . . . . . . . . Garrison Access Hacks 8 | . . . . . . . . 1 1 . . . . 1 . . . . 3 . . . . . 2 . . Seal Access 8 | . . . . . . . . 1 1 . . . . 1 . . . . 3 . . . . . 2 . . Unauthorized Hacks 18 | . . . . . . . . 3 1 2 . . . 1 . . . . 8 . . . . . . . 3 Terminals 11 | . . . . . . . . 1 1 2 . . . 1 . . . . 3 . . . . . . . 3 Assimilate 3 | . . . . . . . . 1 . . . . . . . . . . 1 . . . . . . . 1 Botnet 7 | . . . . . . . . . 1 2 . . . 1 . . . . 1 . . . . . . . 2 Sabotage 1 | . . . . . . . . . . . . . . . . . . . 1 . . . . . . . . Fabricators 7 | . . . . . . . . 2 . . . . . . . . . . 5 . . . . . . . . Liberate 3 | . . . . . . . . 1 . . . . . . . . . . 2 . . . . . . . . Fabnet 4 | . . . . . . . . 1 . . . . . . . . . . 3 . . . . . . . . Repair Stations . | . . . . . . . . . . . . . . . . . . . . . . . . . . . . Recycling Units . | . . . . . . . . . . . . . . . . . . . . . . . . . . . . Scanalyzers . | . . . . . . . . . . . . . . . . . . . . . . . . . . . . Garrison Access . | . . . . . . . . . . . . . . . . . . . . . . . . . . . . Data Cores Recovered 1 | . . . . . . . . . . . . . . . . . . . 1 . . . . . . . . Used 1 | . . . . . . . . . . . . . . . . . . . 1 . . . . . . . . Hacking Detections 35 | . 1 . 4 . . . 2 5 6 4 1 . . 2 . . . . 3 . . . . 1 1 1 4 Full Trace Events 3 | . . . 1 . . . . 1 1 . . . . . . . . . . . . . . . . . . Feedback Events 1 | . . . 1 . . . . . . . . . . . . . . . . . . . . . . . . Corruption 1 | . . . 1 . . . . . . . . . . . . . . . . . . . . . . . . Feedback Blocked . | . . . . . . . . . . . . . . . . . . . . . . . . . . . . Robot Schematics Acquired . | . . . . . . . . . . . . . . . . . . . . . . . . . . . . Robots Built . | . . . . . . . . . . . . . . . . . . . . . . . . . . . . Authchips . | . . . . . . . . . . . . . . . . . . . . . . . . . . . . Time . | . . . . . . . . . . . . . . . . . . . . . . . . . . . . Total Robot Build Rating . | . . . . . . . . . . . . . . . . . . . . . . . . . . . . Part Schematics Acquired 4 | . . . . . . . . . . . . . . . . . 4 . . . . . . . . . . Parts Built . | . . . . . . . . . . . . . . . . . . . . . . . . . . . . Authchips . | . . . . . . . . . . . . . . . . . . . . . . . . . . . . Time . | . . . . . . . . . . . . . . . . . . . . . . . . . . . . Total Part Build Rating . | . . . . . . . . . . . . . . . . . . . . . . . . . . . . Part Studies Acquired 7 | . . . 2 . . . . . 3 . . . . . . . . . 2 . . . . . . . . Parts Repaired 2 | . . . . . . . . . . . . . . . . . . . 1 . . . . . . . 1 Time 106 | . . . . . . . . . . . . . . . . . . . 70 . . . . . . . 36 Parts Recycled . | . . . . . . . . . . . . . . . . . . . . . . . . . . . . Recycled Matter . | . . . . . . . . . . . . . . . . . . . . . . . . . . . . Retrieved Matter . | . . . . . . . . . . . . . . . . . . . . . . . . . . . . Retrieved Components 7 | . . . . . . . . 1 . . . . . 2 . . . . 4 . . . . . . . . Parts Scanalyzed . | . . . . . . . . . . . . . . . . . . . . . . . . . . . . Part Schematics Acquired . | . . . . . . . . . . . . . . . . . . . . . . . . . . . . Parts Damaged . | . . . . . . . . . . . . . . . . . . . . . . . . . . . . Bothacking | -11 -10 -10 -9 -9 -9 -8 -8 -7 -6 -6 -6 -6 -6 -5 -5 -5 -5 -4 -4 -4 -4 -4 -3 -3 -2 -1 -1 ------------ Run | Yrd Mat Min Mat Min Exi Min Mat Fac Fac Ext Cet Arc Hub Fac Upp Upp Zhi Pro Fac Upp Upp War Pro Res Res Acc Com Used RIF Installer . | . . . . . . . . . . . . . . . . . . . . . . . . . . . . Robots Hacked 12 | . . . . . . . . . . 1 . . . . . . . . . . . . . 3 7 . 1 Non-combat 1 | . . . . . . . . . . . . . . . . . . . . . . . . . 1 . . Combat 11 | . . . . . . . . . . 1 . . . . . . . . . . . . . 3 6 . 1 Robot Hacks Applied 4 | . . . . . . . . . . . . . . . . . . . . . . . . . 3 . 1 parse_system 4 | . . . . . . . . . . . . . . . . . . . . . . . . . 3 . 1 Manual 1 | . . . . . . . . . . . . . . . . . . . . . . . . . . . 1 Relay Couplers Released . | . . . . . . . . . . . . . . . . . . . . . . . . . . . . Fabnet Peak Effective % 9 | . . . . . . . . . 3 3 3 3 3 1 1 1 1 . . . . . 9 9 3 . . Autooverrided 8 | . . . . . . . . . . 1 . . . . . . . . . . . . . 3 4 . . Robots Rewired 13 | . . . . . . . . . . 8 . . . . . . . . . . . 5 . . . . . Allies Hacked 1 | . . . . . . . . . . . . . . . . . . . 1 . . . . . . . . Hacks Repelled 1 | . . . . . . . . . . . . . . . . . . . . . . . . . . . 1 Allies | -11 -10 -10 -9 -9 -9 -8 -8 -7 -6 -6 -6 -6 -6 -5 -5 -5 -5 -4 -4 -4 -4 -4 -3 -3 -2 -1 -1 -------- Run | Yrd Mat Min Mat Min Exi Min Mat Fac Fac Ext Cet Arc Hub Fac Upp Upp Zhi Pro Fac Upp Upp War Pro Res Res Acc Com Total Allies 39 | . . . . . . . . 1 . 14 5 . . . . . . . 6 . . 5 . 3 4 . 1 Largest Group 9 | . . . . . . . . 1 1 9 8 8 6 3 . . . . 3 . . 5 . 1 2 . 1 Highest-Rated Group 701 | . . . . . . . . 10 10 404 701 677 500 281 . . . . 134 . . 304 . 56 125 . 26 Highest-Rated Ally 159 | . . . . . . . . 10 10 159 159 143 96 96 . . . . 54 . . 64 . 56 82 . 26 Total Orders 22 | . . . . . . . . . . 2 9 1 1 . . . . . . . . 9 . . . . . STAY 8 | . . . . . . . . . . 1 3 . 1 . . . . . . . . 3 . . . . . ROAM 3 | . . . . . . . . . . . 2 1 . . . . . . . . . . . . . . . FOLLOW 10 | . . . . . . . . . . 1 4 . . . . . . . . . . 5 . . . . . GUARD 1 | . . . . . . . . . . . . . . . . . . . . . . 1 . . . . . Ally Attacks 268 | . . . . . . . . . . 80 52 26 46 19 . . . . 14 . . 10 . 11 10 . . Total Damage 9646 | . . . . . . . . . . 1569 1794 893 2463 735 . . . . 462 . . 483 . 239 1008 . . Kills 52 | . . . . . . . . . . 10 10 4 13 6 . . . . 5 . . 1 . 2 1 . . Allies Corrupted . | . . . . . . . . . . . . . . . . . . . . . . . . . . . . Allies Melted 1 | . . . . . . . . . . . . . . . . . . . . . . 1 . . . . . Intel | -11 -10 -10 -9 -9 -9 -8 -8 -7 -6 -6 -6 -6 -6 -5 -5 -5 -5 -4 -4 -4 -4 -4 -3 -3 -2 -1 -1 ------- Run | Yrd Mat Min Mat Min Exi Min Mat Fac Fac Ext Cet Arc Hub Fac Upp Upp Zhi Pro Fac Upp Upp War Pro Res Res Acc Com Active Infowar (turns) 9942 | 10 253 172 168 369 71 36 91 524 166 1506 423 207 51 5 23 . . . 1032 344 102 561 204 438 1167 139 1880 Optics 7450 | . . . . . . . . 452 166 1506 423 207 51 . . . . . . 154 102 561 204 438 1167 139 1880 Sensors 1117 | . . . . . . . 28 359 . . . . . . . . . . . . . 333 164 233 . . . Structural 5692 | . 64 . 166 359 71 36 91 524 166 963 24 . . . . . . . 957 88 102 215 136 438 1151 139 2 Seismic 900 | 10 189 172 66 345 71 36 11 . . . . . . . . . . . . . . . . . . . . Cloaking 3757 | . . . . . . . . . . . . . . . . . . . 434 253 . . 14 203 1158 139 1556 ECM 315 | . . . . . . . . . . 83 . . . 5 23 . . . 75 77 44 . 6 1 . 1 . Robot Analysis Total 4 | . . . . . . . . . . . . . . . . . 4 . . . . . . . . . . Derelict Logs Recovered 7 | . . . . 3 . . . . . . . . . . 1 2 . . . 1 . . . . . . . Drone Launches . | . . . . . . . . . . . . . . . . . . . . . . . . . . . . Drone Recoveries . | . . . . . . . . . . . . . . . . . . . . . . . . . . . . Exploration | -11 -10 -10 -9 -9 -9 -8 -8 -7 -6 -6 -6 -6 -6 -5 -5 -5 -5 -4 -4 -4 -4 -4 -3 -3 -2 -1 -1 ------------- Run | Yrd Mat Min Mat Min Exi Min Mat Fac Fac Ext Cet Arc Hub Fac Upp Upp Zhi Pro Fac Upp Upp War Pro Res Res Acc Com Turns Passed 11037 | 264 255 172 169 369 71 36 91 524 166 1506 423 207 148 163 241 96 58 48 1195 344 102 561 204 438 1167 139 1880 Spaces Moved 21018 | 78 331 354 363 599 223 111 235 1090 427 2264 524 245 289 588 420 348 150 236 2588 832 362 1247 647 670 2330 337 3130 Core 256 | 76 164 . 12 . . . . . . 1 . . . . . . . . . . . . . . . . 3 Treads 83 | 2 . . . . . . . . . . . . . . . . . . . . . . . . . . 81 Legs . | . . . . . . . . . . . . . . . . . . . . . . . . . . . . Wheels . | . . . . . . . . . . . . . . . . . . . . . . . . . . . . Hover . | . . . . . . . . . . . . . . . . . . . . . . . . . . . . Flight 20679 | . 167 354 351 599 223 111 235 1090 427 2263 524 245 289 588 420 348 150 236 2588 832 362 1247 647 670 2330 337 3046 Fastest Speed 11 | 50 37 37 30 30 30 30 28 27 24 24 30 30 24 20 20 20 20 20 11 11 11 24 11 24 12 22 13 Average Speed 26 | 52 43 37 37 30 30 30 28 28 24 25 30 30 26 21 20 20 20 20 23 23 23 24 23 24 24 23 28 Slowest Speed 200 | 160 50 117 200 30 30 30 28 108 27 200 100 30 30 24 20 20 20 20 93 24 24 94 24 25 25 25 200 Overloaded Moves 49 | . . . . . . . . . . . . . . . . . . . 3 11 8 . 14 . 5 . 8 Propulsion Burnouts . | . . . . . . . . . . . . . . . . . . . . . . . . . . . . Robots Hopped 72 | . 1 1 1 12 . 2 1 5 1 24 . . 5 2 1 . . . 1 . 4 1 3 . 1 1 5 Potential Cave-ins 4 | . . . . . . . . . . . . . . . 1 . . . . . . . . . . . 3 Cave-ins Triggered . | . . . . . . . . . . . . . . . . . . . . . . . . . . . . Exploration Rate (%) 50 | 3 42 60 42 96 60 27 30 32 17 88 94 99 19 20 51 41 61 48 54 87 58 92 78 26 45 11 43 Regions Visited 27 Branch Regions 17 Pre-discovered Areas 6 | . . . . 1 1 . . . . . . . . . . 1 3 . . . . . . . . . . Known Exits Taken 8 | . . . . . . . 1 1 1 1 . . 1 . . . . . 1 . . . 1 . 1 . . Unknown Exits Taken 19 | 1 1 1 1 1 1 1 . . . . 1 1 . 1 1 1 1 1 . 1 1 1 . 1 . 1 . Scrap Searched 11 | . . 1 . 1 . . . . . . . . . . . . . 1 . 2 4 . 2 . . . . Spaces Dug 219 | . . . 4 18 . 1 3 28 7 8 . 1 . 4 9 . . . 58 10 4 1 3 7 13 4 36 Terrain Destroyed 604 | . . . 4 18 . 1 3 35 7 15 . 1 163 4 11 . . . 62 13 4 41 5 7 13 5 192 Melee 194 | . . . 4 8 . 1 3 19 7 8 . 1 . 4 6 . . . 57 10 4 1 3 7 13 4 34 Projectile 48 | . . . . . . . . . . 6 . . . . 5 . . . 5 3 . 1 2 . . 1 25 AOE 361 | . . . . 10 . . . 16 . . . . 163 . . . . . . . . 39 . . . . 133 Terrain Rammed . | . . . . . . . . . . . . . . . . . . . . . . . . . . . . Walls Destroyed . | . . . . . . . . . . . . . . . . . . . . . . . . . . . . Machines Disabled . | . . . . . . . . . . . . . . . . . . . . . . . . . . . . Actions | -11 -10 -10 -9 -9 -9 -8 -8 -7 -6 -6 -6 -6 -6 -5 -5 -5 -5 -4 -4 -4 -4 -4 -3 -3 -2 -1 -1 --------- Run | Yrd Mat Min Mat Min Exi Min Mat Fac Fac Ext Cet Arc Hub Fac Upp Upp Zhi Pro Fac Upp Upp War Pro Res Res Acc Com Total 25553 | 245 391 379 383 752 227 109 252 1255 473 2964 780 359 341 614 559 373 177 235 3051 958 366 1487 684 918 2877 386 3958 Wait 3307 | 133 5 5 3 121 . . 3 98 34 395 239 82 28 10 123 24 12 . 316 104 3 210 26 211 491 39 592 Move 20857 | 77 328 351 360 576 222 107 232 1079 424 2218 523 244 279 583 417 347 149 235 2585 831 353 1244 641 669 2327 334 3122 Hop 61 | . 1 1 1 10 . 1 1 5 1 21 . . 4 2 1 . . . 1 . 4 1 2 . 1 1 2 Pick Up 96 | 1 11 4 1 4 2 . 2 11 2 9 2 3 2 2 . 1 3 . 13 . . 2 . 6 6 2 7 Fast Attach 71 | 5 5 1 2 2 . . 2 1 1 2 2 2 5 3 . . 4 . 10 . . 2 . 2 6 . 14 Attach 85 | . 1 4 2 1 . . 2 2 1 15 3 2 3 2 . 1 1 . 8 2 . 1 1 4 1 2 26 Detach 61 | . 1 2 . . . . 2 1 . 6 4 3 3 . . . . . 6 3 . . 2 . 2 . 26 Swap 64 | . 1 . 3 5 . . 1 4 . 4 . . . 2 5 . . . 7 4 2 6 7 1 4 2 6 Drop 107 | . 7 2 2 7 3 . 1 11 1 8 1 3 3 3 . . 6 . 18 1 . 2 . 7 9 . 12 Fire 364 | 29 31 9 4 1 . . . 2 . 162 6 . 1 . 6 . . . 5 3 . 14 2 . . 1 88 Melee 375 | . . . 5 25 . 1 6 41 9 22 . 20 13 7 7 . 2 . 82 10 4 2 3 18 30 5 63 Ram . | . . . . . . . . . . . . . . . . . . . . . . . . . . . . Kick . | . . . . . . . . . . . . . . . . . . . . . . . . . . . . Crush . | . . . . . . . . . . . . . . . . . . . . . . . . . . . . Escape Stasis 60 | . . . . . . . . . . 60 . . . . . . . . . . . . . . . . . Rewire 45 | . . . . . . . . . . 42 . . . . . . . . . . . 3 . . . . . Trap . | . . . . . . . . . . . . . . . . . . . . . . . . . . . . Miscellaneous . | . . . . . . . . . . . . . . . . . . . . . . . . . . . . Route ------- -11/Scrapyard -10/Materials -10/Mines -9/Materials (discovered 2 exits: [*Min] / [*Sto]) -9/Mines (discovered 3 exits: *Mat / *Exi / [*Zio]) -9/Exiles -8/Mines -8/Materials (discovered 2 exits: *Fac x2) -7/Factory (discovered 4 exits: *Fac x4) -6/Factory (discovered 8 exits: Fac x4 / Low x2 / *Ext x2) -6/Extension (discovered 2 exits: *Fac / *Cet) -6/Cetus (discovered 3 exits: *Fac x2 / *Arc) -6/Archives (discovered 3 exits: *Fac / [*Hub x2]) -6/Hub_04(d) -5/Factory -5/Upper Caves -5/Upper Caves -5/Zhirov -4/Proximity Caves -4/Factory (discovered 6 exits: *Res x4 / *Upp x2) -4/Upper Caves -4/Upper Caves (discovered 2 exits: *Res / *War) -4/Warlord -3/Proximity Caves -3/Research (discovered 2 exits: *Res / *Tes) -2/Research (discovered 3 exits: *Acc x3) -1/Access -1/Command (discovered 2 exits: *Sur x2) To Epsilon Eridani History --------- Turn | Location | Event 3 | -11/Scrapyard | Discovered new exit (range 15) 265 | -11/Scrapyard | Entered Materials 311 | -10/Materials | Build established: Mutant 441 | -10/Materials | Discovered new exit (range 12) 520 | -10/Materials | Entered Mines 563 | -10/Mines | Assembled infested the area 564 | -10/Mines | Lost 4 parts (2n2w) 572 | -10/Mines | Received a Rocket Launcher from a helpful Derelict 583 | -10/Mines | A weapon hastily lodged in a ceiling crevice suddenly fell to the ground 680 | -10/Mines | Discovered new exit (range 15) 692 | -10/Mines | Entered Materials 692 | -9/Materials | Evolved 2 slots: Propulsion x1, Utility x1 723 | -9/Materials | Discovered new exit (range 14) 860 | -9/Materials | Discovered new exit (range 6) 861 | -9/Materials | Entered Mines 872 | -9/Mines | A Derelict revealed a hidden shortcut to a safe place 874 | -9/Mines | Discovered new exit (range 9) 911 | -9/Mines | Learned Materials terminal intel 942 | -9/Mines | Met a Derelict shopkeep closing up shop 963 | -9/Mines | Met a Derelict who couldn't figure out how to use a Trap Extractor 1122 | -9/Mines | Build established: Sprinter 1229 | -9/Mines | Deemed a non-threat by the Exiles lab entrance 1229 | -9/Mines | Discovered new exit (range 6) 1230 | -9/Mines | Entered Exiles 1238 | -9/Exiles | Met 8R-AWN 1243 | -9/Exiles | Met EX-HEX 1251 | -9/Exiles | Met EX-BIN 1255 | -9/Exiles | Aligned with FarCom system 1255 | -9/Exiles | Given EX-Vault access code 1263 | -9/Exiles | Opened EX-Vault 1266 | -9/Exiles | Found AWS/Thermal 1274 | -9/Exiles | Warned to stay clear of 0b10 Research branches 1284 | -9/Exiles | Met EX-DEC 1286 | -9/Exiles | Learned location of Zion (-7) 1296 | -9/Exiles | Discovered new exit (range 15) 1301 | -9/Exiles | Left Exiles lab with AWS/Thermal 1301 | -9/Exiles | Entered Mines 1334 | -8/Mines | Discovered new exit (range 8) 1337 | -8/Mines | Entered Materials 1337 | -8/Materials | Evolved 2 slots: Propulsion x1, Utility x1 1338 | -8/Materials | Identified exit to Factory 1339 | -8/Materials | Loaded intel: 12 terminal locations 1372 | -8/Materials | Discovered exit to Factory (range 16) 1428 | -8/Materials | Entered Factory 1428 | -7/Factory | Evolved 2 slots: Utility x2 1457 | -7/Factory | Discovered new exit (range 13) 1461 | -7/Factory | Identified exit to Factory 1884 | -7/Factory | Build established: Scout 1952 | -7/Factory | Entered another Factory area 1952 | -6/Factory | Accompanied by 1 ally 1952 | -6/Factory | Evolved 2 slots: Power x1, Propulsion x1 1958 | -6/Factory | Identified exit to Lower Caves 1958 | -6/Factory | Identified exit to Extension 1958 | -6/Factory | Identified exit to Factory 2118 | -6/Factory | Entered Extension 2148 | -6/Extension | Spotted B-75 Beast 2418 | -6/Extension | Disrupted transfer network 2657 | -6/Extension | Rescued a captive Derelict 2704 | -6/Extension | Rescued a captive Derelict 2707 | -6/Extension | Rescued a captive Derelict 2838 | -6/Extension | Rescued a captive Derelict 2880 | -6/Extension | Lost 3 allies 2964 | -6/Extension | Spotted B-75 Beast 3018 | -6/Extension | Build established: Sprinter 3112 | -6/Extension | Found Prototype Processor 3112 | -6/Extension | Identified Exp. Targeting Computer 3114 | -6/Extension | Found Exp. Targeting Computer 3115 | -6/Extension | Found Exp. Targeting Computer 3272 | -6/Extension | Rescued A7 3522 | -6/Extension | Discovered exit to Factory (range 10) 3522 | -6/Extension | Discovered new exit (range 6) 3555 | -6/Extension | Identified exit to Cetus 3577 | -6/Extension | Disrupted transfer network 3624 | -6/Extension | Entered Cetus 3624 | -6/Cetus | Accompanied by 8 allies (A7) 3629 | -6/Cetus | Acquired a Cetus Manufacturing Module code from A7 3639 | -6/Cetus | Spotted Cetus Guard 3639 | -6/Cetus | Spotted Cetus Guard 3643 | -6/Cetus | Spotted Cetus Guard 3646 | -6/Cetus | Spotted Cetus Guard 3651 | -6/Cetus | Allies destroyed Cetus Guard 3659 | -6/Cetus | Allies destroyed Cetus Guard 3670 | -6/Cetus | Allies destroyed Cetus Guard 3688 | -6/Cetus | Started Cetus Manufacturing Module 3697 | -6/Cetus | Lost 5 allies 3713 | -6/Cetus | Manufactured an Enhanced Grunt 3738 | -6/Cetus | Manufactured an Enhanced Grunt 3763 | -6/Cetus | Manufactured an Enhanced Grunt 3788 | -6/Cetus | Manufactured an Enhanced Grunt 3807 | -6/Cetus | Escorted A7 to Cetus Mainframe 3813 | -6/Cetus | Manufactured an Enhanced Grunt 3816 | -6/Cetus | Discovered new exit (range 20) 3840 | -6/Cetus | Spotted Cetus Guard 3840 | -6/Cetus | Spotted Cetus Guard 3841 | -6/Cetus | Spotted Cetus Guard 3853 | -6/Cetus | Spotted Cetus Guard 3858 | -6/Cetus | Allies destroyed Cetus Guard 3869 | -6/Cetus | Allies destroyed Cetus Guard 3871 | -6/Cetus | Allies destroyed Cetus Guard 3875 | -6/Cetus | Allies destroyed Cetus Guard 3880 | -6/Cetus | Discovered exit to Factory (range 19) 3888 | -6/Cetus | Met Revision 17 3989 | -6/Cetus | Discovered exit to Factory (range 19) 4047 | -6/Cetus | Entered Archives 4047 | -6/Archives | Accompanied by 8 allies (A7) 4053 | -6/Archives | Received a hacking code to weaken MAIN.C 4078 | -6/Archives | Build established: Commander-Sprinter 4116 | -6/Archives | Unable to access archive contents 4118 | -6/Archives | Discovered exit to Factory (range 14) 4129 | -6/Archives | Discovered new exit (range 20) 4144 | -6/Archives | Discovered new exit (range 20) 4254 | -6/Archives | Entered Hub_04(d) 4254 | -6/Hub_04(d) | Accompanied by 6 allies 4295 | -6/Hub_04(d) | Discovered exit to Factory (range 20) 4305 | -6/Hub_04(d) | Found Prototype Device 4305 | -6/Hub_04(d) | Identified Exp. Thermal Shield 4386 | -6/Hub_04(d) | Network Hub disabled 4392 | -6/Hub_04(d) | Spotted Lightning 4398 | -6/Hub_04(d) | Allies destroyed Lightning 4402 | -6/Hub_04(d) | Entered Factory 4402 | -5/Factory | Accompanied by 3 allies 4402 | -5/Factory | Evolved 2 slots: Propulsion x1, Utility x1 4555 | -5/Factory | Discovered new exit (range 9) 4565 | -5/Factory | Entered Upper Caves 4696 | -5/Upper Caves | Build established: Scavenger-Sprinter 4804 | -5/Upper Caves | Discovered new exit (range 9) 4806 | -5/Upper Caves | Entered another Upper Caves area 4811 | -5/Upper Caves | Entered a destroyed Warlord outpost 4830 | -5/Upper Caves | Learned Factory stockpile data 4845 | -5/Upper Caves | Attracted the attention of an 0b10 checkpoint 4894 | -5/Upper Caves | Discovered new exit (range 12) 4899 | -5/Upper Caves | Learned location of Armory (-3) 4902 | -5/Upper Caves | Entered Zhirov 4914 | -5/Zhirov | Discovered new exit (range 3) 4918 | -5/Zhirov | Met Zhirov 4923 | -5/Zhirov | Learned location of Quarantine (-2) 4923 | -5/Zhirov | Learned location of Testing (-3) 4923 | -5/Zhirov | Learned location of Command (-1) 4925 | -5/Zhirov | Zhirov requested help retrieving the SGEMP Prototype 4930 | -5/Zhirov | Found Alien Artifact 4930 | -5/Zhirov | Identified Integrated Reactor 4930 | -5/Zhirov | Installed Integrated Reactor, increased core energy generation (+10) 4952 | -5/Zhirov | Found Alien Artifact 4960 | -5/Zhirov | Entered Proximity Caves 5006 | -4/Proximity Caves | Discovered new exit (range 8) 5008 | -4/Proximity Caves | Entered Factory 5008 | -4/Factory | Evolved 2 slots: Utility x2 5009 | -4/Factory | Identified exit to Upper Caves 5148 | -4/Factory | Build established: Hacker-Sprinter 5151 | -4/Factory | Found Prototype Launcher 5226 | -4/Factory | Identified Adv. Micro-nuke Launcher 5312 | -4/Factory | Repaired Cld. VTOL Module 5782 | -4/Factory | Watched by a mysterious "MATRIX" hacker. 6017 | -4/Factory | Identified exit to Research 6070 | -4/Factory | Found Prototype Hackware 6070 | -4/Factory | Identified Exp. Hacking Suite 6159 | -4/Factory | Cargo convoy interrupted 6203 | -4/Factory | Entered Upper Caves 6417 | -4/Upper Caves | Learned Research security intel 6533 | -4/Upper Caves | Learned Armory trap positions 6533 | -4/Upper Caves | Learned Factory emergency access door positions 6546 | -4/Upper Caves | Discovered new exit (range 7) 6547 | -4/Upper Caves | Entered another Upper Caves area 6549 | -4/Upper Caves | Attracted the attention of an 0b10 checkpoint 6549 | -4/Upper Caves | Discovered exit to Research (range 11) 6641 | -4/Upper Caves | Discovered new exit (range 16) 6649 | -4/Upper Caves | Entered Warlord 6656 | -4/Warlord | Build established: Wizard-Sprinter 6657 | -4/Warlord | System corruption cleaned by Quarantine Array 6713 | -4/Warlord | Met Warlord 6738 | -4/Warlord | Warlord's base attacked by MAIN.C 6771 | -4/Warlord | Found Prototype Energy Cannon 6771 | -4/Warlord | Identified Vortex Driver 6827 | -4/Warlord | Learned Armory stockpile data 6827 | -4/Warlord | Learned Research stockpile data 6827 | -4/Warlord | Learned 4 Armory zone layouts 6827 | -4/Warlord | Learned 4 Quarantine zone layouts 6827 | -4/Warlord | Learned Factory terminal intel 6827 | -4/Warlord | Learned Factory repair station intel 6890 | -4/Warlord | Found Vortex Driver 6902 | -4/Warlord | Spotted B-90 Cyclops 7088 | -4/Warlord | Warlord forces counterattacked 7169 | -4/Warlord | Spotted Executioner 7205 | -4/Warlord | Discovered new exit (range 8) 7210 | -4/Warlord | Entered Proximity Caves 7233 | -3/Proximity Caves | Lost 24 allies 7284 | -3/Proximity Caves | Attracted the attention of an 0b10 checkpoint 7401 | -3/Proximity Caves | Discovered exit to Research (range 10) 7414 | -3/Proximity Caves | Entered Research 7414 | -3/Research | Evolved 2 slots: Utility x2 7614 | -3/Research | Revision forces began assault on 0b10 7622 | -3/Research | Met up with Revision 17++ 7649 | -3/Research | Identified Transdimensional Reconstructor 7679 | -3/Research | Local machine network offline 7709 | -3/Research | Build established: Hacker-Ninja 7738 | -3/Research | Found Prototype Launcher 7751 | -3/Research | Discovered new exit (range 10) 7756 | -3/Research | Identified exit to Testing 7818 | -3/Research | Discovered new exit (range 5) 7852 | -3/Research | Entered another Research area 7852 | -2/Research | Warlord forces began assault on 0b10 7852 | -2/Research | Evolved 2 slots: Utility x2 7928 | -2/Research | Identified exit to Access 7962 | -2/Research | Research machine network offline 7989 | -2/Research | Met up with Warlord 8062 | -2/Research | Found Prototype Device 8062 | -2/Research | Identified Exp. Shield Generator 8110 | -2/Research | Found Prototype Processor 8110 | -2/Research | Identified Exp. Terrain Scan Processor 8150 | -2/Research | Build established: Wizard-Ninja 8169 | -2/Research | Found Prototype Processor 8169 | -2/Research | Identified Exp. Melee Analysis Suite 8172 | -2/Research | Found Exp. Melee Analysis Suite 8174 | -2/Research | Found Exp. Melee Analysis Suite 8322 | -2/Research | Borebot progress halted 8460 | -2/Research | Spotted Striker 8460 | -2/Research | Spotted Striker 8464 | -2/Research | Borebot progress halted 8635 | -2/Research | Spotted Striker 8657 | -2/Research | Spotted Striker 8665 | -2/Research | Spotted Striker 8678 | -2/Research | Borebot progress halted 8852 | -2/Research | Warlord invited to help at Command 8852 | -2/Research | Given Cave Seal Controls access code 8890 | -2/Research | Spotted Executioner 8938 | -2/Research | Spotted Striker 8966 | -2/Research | Spotted Striker 8973 | -2/Research | Spotted Executioner 9006 | -2/Research | Lost 4 allies 9019 | -2/Research | Entered Access 9019 | -1/Access | Evolved 2 slots: Propulsion x1, Utility x1 9156 | -1/Access | Discovered new exit (range 8) 9158 | -1/Access | Entered Command 9307 | -1/Command | Spotted B-99 Colossus 9481 | -1/Command | Build established: Wizard-Sprinter 9635 | -1/Command | Disengaged cave seal 9637 | -1/Command | Welcomed Warlord to Command 9733 | -1/Command | Lost 3 allies 9762 | -1/Command | Repaired Centrium Medium Armor Plating? 9898 | -1/Command | Spotted M Guard 9898 | -1/Command | Spotted M Guard 9898 | -1/Command | Spotted Combat Programmer 9898 | -1/Command | Spotted Combat Programmer 9973 | -1/Command | Destroyed Combat Programmer 9976 | -1/Command | Lost 4 allies 10016 | -1/Command | All MAIN.C guards destroyed 10085 | -1/Command | Warlord commented on Warlord statues 10243 | -1/Command | Met MAIN.C 10247 | -1/Command | 0b10 Conduit disabled 10257 | -1/Command | Hacked MAIN.C using A7's code 10278 | -1/Command | Warlord destroyed during the assault 10385 | -1/Command | Found Prototype Launcher 10387 | -1/Command | Identified Hellfire Missile Launcher 10483 | -1/Command | Found Launcher Loader 10823 | -1/Command | Lost 3 parts (2p1n) 10879 | -1/Command | Destroyed MAIN.C Shell 10882 | -1/Command | MAIN.C activated Command garrisons 10882 | -1/Command | Surrendered to MAIN.C 10882 | -1/Command | Loaded intel: 61 machine locations 10882 | -1/Command | Loaded intel: 111 trap records 10882 | -1/Command | Identified exit to Surface 10882 | -1/Command | Discovered exit to Surface (range 126) 10882 | -1/Command | Discovered exit to Surface (range 43) 10912 | -1/Command | Lost 6 parts (2n3u1w) 10998 | -1/Command | MAIN.C activated Command garrisons 11038 | *** | Escaped! Last Messages --------------- 10937_ Dropped Impulse Thruster Array. 10939_ System corrupted: Component data lost. 10958_ K-01 Serf collects debris. 10973_ System corruption misinterpreted. 10973_ Triggered Stasis Trap. 10973_ A bubble of rippling energy engulfs the area. 10973_ Stasis field depleted. 10984_ The Access Shell folds into the floor. 10998_ ALERT: System intrusion detected. Garrison defenses under attack. 10998_ ALERT: LRC-V3 report to MAIN.C. 10998_ ALERT: All Command garrisons activated. 11008_ System corrupted: Matter fused (-9). 11013_ ALERT: Sustained sabotage of garrison defenses reached 36.5%. 11022_ System corruption misinterpreted. 11022_ Triggered Stasis Trap. 11022_ A bubble of rippling energy engulfs the area. 11022_ Stasis field depleted. 11029_ ALERT: Sustained sabotage of garrison defenses reached 46.9%. 11034_ System corrupted: Component data lost. 11037_ ALERT: System reconfigured. Intrusion blocked. Map ----- +----------------------------------------------------+ | | | | | | | | | | | | | | | | | | | ???????????????????????????????????????????####### | | ?????????##############????????????????????# | | ?????????# =! #????????????????????# | | #???###### !! #????????????????????# | | #???# + !==! #????????????????????# "" | | #???# #### = #????????????????????# """" | | #???# #??# #????????????????????# """" | | #???# #??##############????????????????????# "" | | ###?# #????????????????????????????????????# | | "### #??????????################??????????# | | # #??????????################??????????# | | # #?###########%!=! ##??????????# | | # #?###########]!! ##??????????# | | + #?### # # # #][^^^^^ ^ ##??????######+#"## | | ## ###^^^^^^^ ^^! ^ ##??????# # | | +^^^ ^^^^ ^ ^ ##??????# # | | +^^^^ ^^^^ ^ "@ ^ ##??????# # | | +^ ^^^^^^^^ "" ##??????# + | | +^^^^^ ^^ ^ ^ ##??????# # | | ##### ^^^^^^^^^ ^ ##??????# # | | #???### # # # # ^^^^ ^^ ##??????# # | | #???########### ##??????# # | | ! #???########### ##??????# + | | % #????????????################??????# # | | +##+##???###?????################??????# + | | "#####"####????????# #??############ [ # | | # ! #????????# #??# # # | | " + #???????##"##?# # # | | "" # #???????# ### # # | | "" # #???????# " + # | | " + #??###??# ########"### # # | | " ####"##############"##?# ####+#### | | ####+####### # ##??# #??# #??# | | # #???# + #???# #??# #??# | | ##### #?? # # """"#???# #### #### | | #??##!!! # """"#???# | | #??#[!! # """"#???# | | #?###!!= # """"##??# ^% | | ### # + "#??# ^ | | # *! # * ##??########### | | " = # #?????????????# | +----------------------------------------------------+ Best States ------------- Heat Dissipation 74 Energy Generation 43 Energy Capacity 200 Matter Stores 300 Matter Capacity 300 Sight Range 22 Robot Scan Range 19 Terrain Scan Density 1010 ECM Strength 2 Cloak Strength 3 Power Amplification 30 Armor Coverage 1350 Weapon Shielding 90 Melee Speed Boost 20 Phase Shifting 15 Evasion (%) 80 Targeting Accuracy 12 Melee Accuracy 42 Recoil Reduction 5 Particle Charging 25 Salvage Targeting 3 Offensive Hacking 50 Defensive Hacking 28 Item Schematics ----------------- Assault Drone Bay | -5/Zhirov | Free Exp. Heat Sink | -5/Zhirov | Free Exp. Optical Array | -5/Zhirov | Free Imp. Arc Thrower | -5/Zhirov | Free Robot Schematics ------------------ None Fabricated ------------ Nothing Repaired ---------- Cld. VTOL Module | 10% | -4/Factory Centrium Medium Armor Plating | 46% | -1/Command Studied --------- VTOL Module | -9/Materials | Hacked Flight Unit | -9/Materials | Hacked Cesium-ion Thruster | -6/Factory | Hacked Xenon Bombardment Thruster | -6/Factory | Hacked Lgt. Ion Engine | -6/Factory | Hacked Field Propulsion Array | -4/Factory | Hacked Lgt. Fission Core | -4/Factory | Hacked Alien Tech Used ----------------- Integrated Reactor Achievements -------------- Corridor Of Doom Meet Your Maker Poison In The Code Preemptive Strike Prodigal Son Showdown Challenges ------------ None Game ------ Seed DefenseShockSlayer Manual? 0 Play Time 03:32:33 Cumulative 193.8 hours Start 2026.04.07 @ 11:43:04 End 2026.04.08 @ 14:13:11 Sessions 5 Manual Loads 0 Difficulty Rogue Special Mode None Game No. 123 Rogue 119 Adventurer 4 Explorer 0 Win Type 0 Total 28 Types 27/0/1/0/0/0/0/0/0/0 Lore% 85 Gallery% 61 Achievement% 56 Wizard Run 0 Options --------- Layout 0 ASCII 0 Keyboard 1 Movement Vi Keybinds 0 Fullscreen 0 Font 16/SmallcapsGlow Map View 76x50 Zoom Use 0% Tactical HUD 1 Map Filters NONE Filters NONE Steam 1 RUN: 472bd29d-1498-4f3e-84e2-0349a72172f1